 Dungeon Sprint DCSS version bcrawl-1.17.3 (webtiles) character file.

Game seed: 5619961546610045925

6256 Freyura the Warrior (level 10, 0/107 HPs)
             Began as a Minotaur Fighter on Oct 20, 2019.
             Was the Champion of the Shining One.
             Slain by a yak (8 damage)
             ... in the Dungeon (Sprint IX: "|||||||||||||||||||||||||||||").
             The game lasted 00:07:29 (1108 turns).

Freyura the Warrior (Minotaur Fighter)              Turns: 1108, Time: 00:07:30

Health: 0/107      AC: 13    Str: 21    XL:     10   Next: 62%
Magic:  9/9        EV:  7    Int:  5    God:    the Shining One [******]
Gold:   8          SH:  0    Dex: 16    Spells: 9/9 levels left

rFire    . . .     SeeInvis .   o - +2 morningstar (crush)
rCold    . . .     Gourm    .   c - +0 shield
rNeg     + + +     Faith    .   a - +1 chain mail
rPois    .         Spirit   .   (helmet restricted)
rElec    .         Reflect  .   (no cloak)
rCorr    .         Harm     .   (no gloves)
MR       .....     NoTele   +   (no boots)
Stlth    ..........             (no amulet)
HPRegen  0.27/turn              q - +3 ring of dexterity
MPRegen  0.11/turn              (no ring)

@: petrifying (expiring), glowing, very slow
A: retaliatory headbutt, horns 2
a: Divine Shield, Cleansing Flame, Summon Divine Warrior, Brand Weapon With Holy
Wrath, Renounce Religion


You were in the Dungeon.
You worshipped the Shining One.
The Shining One was exalted by your worship.
You were not hungry.

You visited 1 branch You collected 8 gold pieces.

Inventory:

Hand Weapons
 o - a +2 morningstar of crushing (weapon)
Armour
 a - a +1 chain mail (worn)
 b - a +0 scale mail
 c - a +0 shield (worn)
Jewellery
 p - a +3 ring of intelligence
 q - a +3 ring of dexterity (left hand)
Wands
 n - a wand of iceblast (10)
Scrolls
 k - 2 scrolls of blinking
 l - 4 scrolls of remove curse
 m - 2 scrolls of amnesia
 s - 4 scrolls of enchant weapon
 t - a scroll of fog
 u - a scroll of fear
Potions
 e - 8 potions of curing
 h - a potion of haste
 i - 4 potions of magic
 j - a potion of berserk rage
 r - 2 potions of agility
Comestibles
 d - 15 chunks of flesh
 f - a ration {!d}


   Skills:
 * Level 15.9 Fighting
 * Level 15.8 Maces & Flails
 + Level 12.1 Armour
 + Level 10.6 Dodging
 + Level 12.1 Shields


You had 9 spell levels left.
You didn't know any spells.
Your spell library was empty.

Dungeon Overview and Level Annotations

Branches:
Dungeon (1/1)

Altars:
Cheibriados
Dithmenos
Elyvilon
Fedhas
Gozag
Hepliaklqana
Kikubaaqudgha
Lugonu
Makhleb
Nemelex Xobeh
Okawaru
Qazlal
Ru
Sif Muna
Trog
Uskayaw
Vehumet
Wu Jian
Xom
Yredelemnul
Zin
The Shining One
Beogh
Jiyva


Innate Abilities, Weirdness & Mutations

You reflexively headbutt those who attack you in melee.
You have a pair of horns on your head.


Message History

The catoblepas gores you!
* * * LOW HITPOINT WARNING * * *
You puncture the catoblepas! You headbutt the catoblepas.
The catoblepas is severely wounded.
You hit the catoblepas.
The catoblepas is severely wounded.
The catoblepas breathes a plume of calcifying dust at you.
The blast of calcifying dust hits you!
* * * LOW HITPOINT WARNING * * *
You bludgeon the catoblepas!!
You kill the catoblepas!
Your Armour skill increases to level 12!
Your Shields skill increases to level 12!
You are engulfed in calcifying dust.
You are slowing down.
You impale the yak!!
The yak is severely wounded.
You are engulfed in calcifying dust.
Your limbs have turned to stone.
The yak gores you!
You die...

▓_▓.▓.▓
▓_▓.▓.▓
▓_▓.▓.▓
▓_▓.▓.▓
▓_▓.▓.▓
▓_▓.▓.▓
▓_▓.▓§▓
▓_▓.▓§▓
▓_▓.▓@▓
▓'▓.▓Y▓
▓!▓.▓.▓
▓.▓.▓Y▓
▓|▓.▓Y▓
▓)▓.▓Y▓
▓[▓.▓Y▓
▓[▓.▓.▓
▓.▓.▓


You could see a death yak, a catoblepas and 3 yaks.

Vanquished Creatures
  A catoblepas (D)
  2 death yaks (D)
  A manticore (D)
  2 cane toads (D)
  A gargoyle (D)
  3 komodo dragons (D)
  A polar bear (D)
  A troll (D)
  A blink frog (D)
  A hippogriff (D)
  2 yaks (D)
  A hungry ghost (D)
  A vampire mosquito (D)
  A basilisk (D)
  A water moccasin (D)
  3 porcupines (D)
  An ogre (D)
  3 crocodiles (D)
  A bullfrog (D)
  A crimson imp (D)
  2 hounds (D)
  An orc priest (D)
  2 worker ants (D)
  3 adders (D)
  A hobgoblin (D)
  A kobold (D)
  A quokka (D)
  A bat (D)
  A frilled lizard (D)
  A jackal skeleton (D)
43 creatures vanquished.

Notes
Turn   | Place    | Note
-------+----------+-------------------------------------------
     0 | D        | Freyura the Minotaur Fighter began the quest for the Orb.
     0 | D        | Reached XP level 1. HP: 19/19 MP: 0/0
    12 | D        | Reached skill level 1 in Dodging
    21 | D        | Noticed a worker ant
    21 | D        | Noticed a worker ant
    21 | D        | Noticed a hound
    26 | D        | Killed a worker ant
    26 | D        | Reached skill level 5 in Fighting
    26 | D        | Reached XP level 2. HP: 19/29 MP: 1/1
    26 | D        | Reached XP level 3. HP: 24/36 MP: 2/2
    35 | D        | Reached skill level 5 in Maces & Flails
    38 | D        | Reached skill level 5 in Armour
    38 | D        | Reached skill level 5 in Shields
    38 | D        | Reached XP level 4. HP: 18/44 MP: 3/3
   268 | D        | Found a roughly hewn altar of Beogh.
   268 | D        | Found a snail-covered altar of Cheibriados.
   268 | D        | Found a shadowy altar of Dithmenos.
   268 | D        | Found a white marble altar of Elyvilon.
   268 | D        | Found a blossoming altar of Fedhas.
   268 | D        | Found an opulent altar of Gozag.
   269 | D        | Found a hazy altar of Hepliaklqana.
   270 | D        | Found a viscous altar of Jiyva.
   271 | D        | Found an ancient bone altar of Kikubaaqudgha.
   272 | D        | Found a corrupted altar of Lugonu.
   273 | D        | Found a burning altar of Makhleb.
   274 | D        | Found a sparkling altar of Nemelex Xobeh.
   275 | D        | Found an iron altar of Okawaru.
   276 | D        | Found a stormy altar of Qazlal.
   277 | D        | Found a sacrificial altar of Ru.
   278 | D        | Found a shimmering blue altar of Sif Muna.
   279 | D        | Found a bloodstained altar of Trog.
   280 | D        | Found a hide-covered altar of Uskayaw.
   281 | D        | Found a radiant altar of Vehumet.
   282 | D        | Found an ornate altar of the Wu Jian Council.
   283 | D        | Found a shimmering altar of Xom.
   284 | D        | Found a basalt altar of Yredelemnul.
   285 | D        | Found a glowing silver altar of Zin.
   286 | D        | Found a glowing golden altar of the Shining One.
   294 | D        | Became a worshipper of the Shining One
   326 | D        | Noticed a hungry ghost
   326 | D        | Noticed a manticore
   326 | D        | Reached * piety under the Shining One
   326 | D        | Noticed a troll
   326 | D        | Noticed an ogre
   332 | D        | Killed a hungry ghost
   332 | D        | Reached ** piety under the Shining One
   332 | D        | Reached XP level 5. HP: 56/56 MP: 4/4
   337 | D        | Killed a manticore
   337 | D        | Reached skill level 10 in Fighting
   337 | D        | Reached skill level 10 in Maces & Flails
   337 | D        | Reached XP level 6. HP: 43/67 MP: 5/5
   337 | D        | Reached XP level 7. HP: 47/73 MP: 6/6
   339 | D        | Killed a troll
   456 | D        | Noticed a gargoyle
   456 | D        | Noticed a vampire mosquito
   456 | D        | Reached *** piety under the Shining One
   456 | D        | Noticed a yak
   457 | D        | Reached **** piety under the Shining One
   462 | D        | Killed a gargoyle
   462 | D        | Reached XP level 8. HP: 83/83 MP: 7/7
   578 | D        | Reached ***** piety under the Shining One
   578 | D        | Noticed a komodo dragon
   580 | D        | Noticed a komodo dragon
   587 | D        | Noticed a komodo dragon
   588 | D        | Reached skill level 10 in Armour
   593 | D        | Killed a komodo dragon
   593 | D        | Reached skill level 10 in Shields
   593 | D        | Reached XP level 9. HP: 41/93 MP: 8/8
   597 | D        | Killed a komodo dragon
   602 | D        | Killed a komodo dragon
   868 | D        | Noticed a cane toad
   868 | D        | Noticed a cane toad
   868 | D        | Noticed a polar bear
   872 | D        | Killed a cane toad
   877 | D        | Killed a cane toad
   881 | D        | Killed a polar bear
   883 | D        | Reached XP level 10. HP: 51/104 MP: 9/9
   888 | D        | Reached skill level 15 in Fighting
   892 | D        | Reached skill level 10 in Dodging
  1068 | D        | Noticed a death yak
  1068 | D        | Reached ****** piety under the Shining One
  1068 | D        | Noticed a death yak
  1068 | D        | Noticed a catoblepas
  1070 | D        | Noticed a catoblepas
  1075 | D        | Noticed a death yak
  1078 | D        | Killed a death yak
  1078 | D        | Reached skill level 15 in Maces & Flails
  1085 | D        | Killed a death yak
  1101 | D        | HP: 2/106 [catoblepas (10)]
  1107 | D        | Killed a catoblepas
  1108 | D        | Slain by a yak

Skill      XL: |  1  2  3  4  5  6  7  8  9 10 |
---------------+-------------------------------+-----
Fighting       | 5 6 8 10 12 13 14 15 | 15.9
Maces & Flails | 4 5 8 10 11 13 14 15 | 15.8
Dodging        | 2 4 6 7 8 9 10 | 10.6
Armour         | 4 5 6 8 9 10 11 12 | 12.1
Shields        | 4 5 6 8 9 10 11 12 | 12.1

Action                   |  1- 3 |  4- 6 |  7- 9 | 10-12 || total
-------------------------+-------+-------+-------+-------++-------
Melee: Flail             |    27 |    14 |       |       ||    41
       Headbutt          |     6 |     1 |    15 |     8 ||    30
       Morningstar       |       |     9 |    49 |    33 ||    91
  Use: Potion            |       |     2 |     2 |     1 ||     5
  Eat: Chunk             |       |       |     1 |     2 ||     3
Armor: Scale mail        |     4 |     5 |       |       ||     9
       Chain mail        |       |     5 |     2 |     8 ||    15
Dodge: Dodged            |     7 |    12 |    12 |     3 ||    34
Block: Shield            |    17 |    11 |    14 |     8 ||    50
